![]() |
![]() |
![]() |
html PUBLIC "-//W3C//DTD XHTML 1.0 Transitional//EN" "http://www.w3.org/TR/xhtml1/DTD/xhtml1-transitional.dtd">
SAN DIEGO THUNDER vs COLORADO GLACIERCATSCreated - 14 octobre 2025 at 22:11
1st period
No Goal
Penalties :
Tomas Hertl (COL) for Interference (Minor) at 0:07, Nicolas Hague (SDG) for Slashing (Minor) at 10:47
2nd period
1. COLORADO GLACIERCATS , Bryan Rust 1 (Leon Draisaitl 3, Lane Hutson 2) at 0:24
2. COLORADO GLACIERCATS , Mats Zuccarello 1 (Sidney Crosby 3, Erik Karlsson 1) at 2:20 3. SAN DIEGO THUNDER , Maxim Tsyplakov 2 (Dmitri Voronkov 3, Aliaksei Protas 2) at 3:57 4. COLORADO GLACIERCATS , Tomas Hertl 2 (Bryan Rust 5, Leon Draisaitl 4) at 11:40 5. COLORADO GLACIERCATS , Dylan Samberg 1 (Jamie Benn 2, Alexander Wennberg 2) at 14:46 Penalties :
Derek Forbort (SDG) for Diving (Minor) at 4:57
3rd period
6. COLORADO GLACIERCATS , Leon Draisaitl 4 (Bryan Rust 6, Tomas Hertl 3) at 4:24
7. COLORADO GLACIERCATS , Sidney Crosby 4 (Tage Thompson 3, Mats Zuccarello 5) at 5:08 8. SAN DIEGO THUNDER , Eric Robinson 1 (Frank Nazar 2, Joel Farabee 1) at 8:39 Penalties :
Derek Forbort (SDG) for Interference (Minor) at 6:21
Goalie StatsArvid Soderblom (SDG), 20 saves from 22 shots - (0,909), 25:14 minutes
Petr Mrazek (SDG), 15 saves from 19 shots - (0,789), L, 1-3-0, 34:46 minutes Andrei Vasilevskiy (COL), 23 saves from 25 shots - (0,920), W, 3-0-0, 60:00 minutes
Players Stats for SAN DIEGO THUNDERPlayer Name G A P +/- PIM S H SB GA TA FO MP PP MP PK MP ------------------------------------------------------------------------------------ Adam Boqvist 0 0 0 -1 0 0 1 0 0 0 0/0 9:05 0:00 0:28 Aliaksei Protas 0 1 1 -1 0 3 0 0 0 0 5/22 20:32 0:50 1:53 Charles McAvoy 0 0 0 -2 0 1 2 2 0 0 0/0 15:51 1:09 2:04 Derek Forbort 0 0 0 -1 4 0 3 2 0 0 0/0 19:15 0:50 0:58 Dmitri Voronkov 0 1 1 -1 0 1 2 1 0 0 0/5 23:02 1:09 4:04 Elmer Soderblom 0 0 0 -2 0 0 0 0 0 0 0/1 5:03 0:00 0:00 Eric Robinson 1 0 1 1 0 2 0 0 0 0 0/0 13:21 0:00 0:00 Erik Cernak 0 0 0 -2 0 0 1 2 0 0 0/0 21:57 1:09 3:35 Fedor Svechkov 0 0 0 -2 0 1 0 0 0 0 2/4 5:03 0:00 0:00 Frank Nazar 0 1 1 1 0 2 0 0 0 0 8/19 13:21 0:00 0:00 Jake Neighbours 0 0 0 -2 0 4 6 0 0 0 0/1 18:53 1:09 1:53 Jalen Chatfield 0 0 0 -1 0 0 2 1 0 0 0/0 17:53 0:00 0:00 Joel Farabee 0 1 1 1 0 2 0 0 0 0 1/1 13:21 0:00 0:00 Maxim Tsyplakov 1 0 1 -1 0 3 5 0 0 0 0/0 18:39 0:50 0:00 Nate Schmidt 0 0 0 -1 0 0 1 3 0 0 0/0 20:41 0:50 2:22 Nicolas Hague 0 0 0 0 2 1 4 1 0 0 0/0 15:15 0:00 2:27 Radek Faksa 0 0 0 -2 0 0 1 0 0 0 0/1 16:41 0:50 0:00 Wyatt Johnston 0 0 0 -4 0 5 0 2 0 0 13/34 26:07 1:09 4:04 Players Stats for COLORADO GLACIERCATSPlayer Name G A P +/- PIM S H SB GA TA FO MP PP MP PK MP ------------------------------------------------------------------------------------ Alexander Wennberg 0 1 1 0 0 3 0 0 0 0 10/15 11:03 0:00 1:03 Bryan Rust 1 2 3 2 0 5 1 0 0 0 1/2 22:53 2:48 0:00 Christian Dvorak 0 0 0 0 0 0 0 0 0 0 4/5 3:58 0:00 0:56 Corey Perry 0 0 0 0 0 0 0 0 0 0 0/1 3:02 0:00 0:00 Devon Toews 0 0 0 1 0 2 1 0 0 0 0/0 26:14 3:00 0:56 Dylan Samberg 1 0 1 1 0 2 0 1 0 0 0/0 14:40 0:00 0:56 Erik Karlsson 0 1 1 2 0 1 0 2 0 0 0/0 19:02 3:00 0:00 Jamie Benn 0 1 1 0 0 2 0 0 0 0 1/1 10:56 0:00 0:56 Jamie Oleksiak 0 0 0 1 0 1 0 1 0 0 0/0 14:47 0:00 1:03 Keegan Kolesar 0 0 0 0 0 1 1 0 0 0 0/0 11:03 0:00 1:03 Lane Hutson 0 1 1 1 0 0 0 0 0 0 0/0 21:43 2:57 0:00 Leon Draisaitl 1 2 3 2 0 5 0 0 0 0 20/26 22:53 2:48 0:00 Mats Zuccarello 1 1 2 2 0 4 0 0 0 0 0/3 22:06 3:09 0:00 Rasmus Andersson 0 0 0 2 0 1 0 2 0 0 0/0 23:34 2:57 1:03 Sidney Crosby 1 1 2 2 0 6 0 0 0 0 18/25 24:47 2:48 0:00 Tage Thompson 0 1 1 2 0 1 1 0 0 0 0/1 22:06 3:09 0:00 Tomas Hertl 1 1 2 2 2 7 1 0 0 0 5/9 23:13 3:09 0:00 Uvis Balinskis 0 0 0 0 0 0 0 0 0 0 0/0 0:00 0:00 0:00 3 Stars
1 - Bryan Rust (COL)
2 - Leon Draisaitl (COL) 3 - Sidney Crosby (COL) Power PlaySAN DIEGO THUNDER - 0 on 1 Attempt(s) - 0,00%
COLORADO GLACIERCATS - 0 on 3 Attempt(s) - 0,00%
Penalty KillSAN DIEGO THUNDER - 3 on 3 Attempt(s) - 100,00%
- Score 0 goal in Penalty Kill
COLORADO GLACIERCATS - 1 on 1 Attempt(s) - 100,00%
- Score 0 goal in Penalty Kill
Team StatSAN DIEGO THUNDER - Hits : 28 - Faceoff Wins : 29 - Blocked Shots : 14 - Penalty Minutes : 6
COLORADO GLACIERCATS - Hits : 5 - Faceoff Wins : 59 - Blocked Shots : 6 - Penalty Minutes : 2
Official
Referees : Jake Brenk and Dave Lewis
Linesman : Robb Harrell and Darren Gibbs Game Notes
Charles McAvoy is injured at 14:30 of 2nd period (Herniated Disc)
Arvid Soderblom enters game at 14:46 of 2nd period FinanceLevel 1 -- Attendance: 6550 (75,29%) -- Ticket Income 1 146 250 $Level 2 -- Attendance: 5129 (85,48%) -- Ticket Income 692 415 $ Level 3 -- Attendance: 2113 (70,43%) -- Ticket Income 211 300 $ Level 4 -- Attendance: 3861 (77,22%) -- Ticket Income 308 880 $ Luxury Box -- Attendance: 912 (57,00%) -- Ticket Income 296 400 $ Game was played at the GC Place. Total Attendance: 18565 (76,40%) Total Ticket Income: 2 655 245 $ Other Expense: 26 552 $ Total Income: 2 628 693 $ SAN DIEGO THUNDER5 vs 5 Forward Center Left Wing Right Wing Time % Phy DF OF 1 Wyatt Johnston Radek Faksa Jake Neighbours 36 1 2 2 2 Aliaksei Protas Dmitri Voronkov Maxim Tsyplakov 31 1 2 2 3 Frank Nazar Joel Farabee Eric Robinson 23 1 2 2 4 Fedor Svechkov Elmer Soderblom Wyatt Johnston 10 1 2 2 5 vs 5 Defense Defense Defense Time % Phy DF OF 1 Charles McAvoy Erik Cernak 36 1 2 2 2 Nate Schmidt Derek Forbort 31 1 2 2 3 Jalen Chatfield Nicolas Hague 23 1 2 2 4 Adam Boqvist Charles McAvoy 10 1 2 2 PowerPlay Forward Center Left Wing Right Wing Time % Phy DF OF 1 Wyatt Johnston Dmitri Voronkov Jake Neighbours 55 1 2 2 2 Aliaksei Protas Radek Faksa Maxim Tsyplakov 45 1 2 2 PowerPlay Defense Defense Defense Time % Phy DF OF 1 Charles McAvoy Erik Cernak 55 1 2 2 2 Nate Schmidt Derek Forbort 45 1 2 2 Penalty Kill 4 Players Forward Center Wing Time % Phy DF OF 1 Wyatt Johnston Dmitri Voronkov 55 1 2 2 2 Aliaksei Protas Jake Neighbours 45 1 2 2 Penalty Kill 4 Players Defense Defense Defense Time % Phy DF OF 1 Charles McAvoy Erik Cernak 55 1 2 2 2 Nate Schmidt Derek Forbort 45 1 2 2 Penalty Kill - 3 Players Forward Forward Time % Phy DF OF 1 Wyatt Johnston 55 1 2 2 2 Dmitri Voronkov 45 1 2 2 Penalty Kill - 3 Players Defense Defense Defense Time % Phy DF OF 1 Charles McAvoy Erik Cernak 55 1 2 2 2 Nate Schmidt Derek Forbort 45 1 2 2 4 vs 4 Forward Center Wing Time % Phy DF OF 1 Wyatt Johnston Dmitri Voronkov 55 1 2 2 2 Aliaksei Protas Jake Neighbours 45 1 2 2 4 vs 4 Defense Defense Defense Time % Phy DF OF 1 Charles McAvoy Erik Cernak 55 1 2 2 2 Nate Schmidt Derek Forbort 45 1 2 2 Last Minutes Offensive Center Left Wing Right Wing Defense Defense Wyatt Johnston Dmitri Voronkov Jake Neighbours Charles McAvoy Erik Cernak Last Minutes Defensive Center Left Wing Right Wing Defense Defense Wyatt Johnston Dmitri Voronkov Jake Neighbours Charles McAvoy Erik Cernak Goaltenders Starting : Petr Mrazek Backup : Arvid Soderblom Extra Forwards Normal : Frank Nazar, Joel Farabee, Eric Robinson - PP : Frank Nazar, Joel Farabee - PK : Eric Robinson Extra Defensemen Normal : Jalen Chatfield, Nicolas Hague, Adam Boqvist - PP : Jalen Chatfield - PK : Nicolas Hague, Adam Boqvist Penalty Shots Wyatt Johnston, Dmitri Voronkov, Aliaksei Protas, Jake Neighbours, Radek Faksa Custom OT Lines Forwards Wyatt Johnston, Dmitri Voronkov, Aliaksei Protas, Jake Neighbours, Radek Faksa, Maxim Tsyplakov, Frank Nazar, Joel Farabee, Eric Robinson, Fedor Svechkov Custom OT Lines Defensemen Charles McAvoy, Erik Cernak, Nate Schmidt, Derek Forbort, Jalen Chatfield Scratches Ethan Bear (Healthy), Zachary Jones (Healthy) COLORADO GLACIERCATS5 vs 5 Forward Center Left Wing Right Wing Time % Phy DF OF 1 Leon Draisaitl Tomas Hertl Bryan Rust 38 0 1 4 2 Sidney Crosby Mats Zuccarello Tage Thompson 36 0 1 4 3 Alexander Wennberg Jamie Benn Keegan Kolesar 20 0 1 4 4 Sidney Crosby Christian Dvorak Corey Perry 6 0 2 3 5 vs 5 Defense Defense Defense Time % Phy DF OF 1 Lane Hutson Devon Toews 36 0 2 3 2 Erik Karlsson Rasmus Andersson 31 0 2 3 3 Jamie Oleksiak Dylan Samberg 23 0 2 3 4 Devon Toews Rasmus Andersson 10 0 2 3 PowerPlay Forward Center Left Wing Right Wing Time % Phy DF OF 1 Sidney Crosby Leon Draisaitl Bryan Rust 57 0 1 4 2 Tomas Hertl Tage Thompson Mats Zuccarello 43 1 1 3 PowerPlay Defense Defense Defense Time % Phy DF OF 1 Lane Hutson Rasmus Andersson 50 0 1 4 2 Erik Karlsson Devon Toews 50 1 1 3 Penalty Kill 4 Players Forward Center Wing Time % Phy DF OF 1 Christian Dvorak Jamie Benn 50 0 4 1 2 Alexander Wennberg Tomas Hertl 50 0 4 1 Penalty Kill 4 Players Defense Defense Defense Time % Phy DF OF 1 Dylan Samberg Devon Toews 50 0 5 0 2 Rasmus Andersson Jamie Oleksiak 50 0 5 0 Penalty Kill - 3 Players Forward Forward Time % Phy DF OF 1 Christian Dvorak 50 0 5 0 2 Alexander Wennberg 50 0 5 0 Penalty Kill - 3 Players Defense Defense Defense Time % Phy DF OF 1 Jamie Oleksiak Rasmus Andersson 50 0 5 0 2 Devon Toews Dylan Samberg 50 0 5 0 4 vs 4 Forward Center Wing Time % Phy DF OF 1 Tage Thompson Leon Draisaitl 50 0 1 4 2 Sidney Crosby Tomas Hertl 50 0 1 4 4 vs 4 Defense Defense Defense Time % Phy DF OF 1 Erik Karlsson Rasmus Andersson 50 0 2 3 2 Devon Toews Lane Hutson 50 0 2 3 Last Minutes Offensive Center Left Wing Right Wing Defense Defense Sidney Crosby Tomas Hertl Leon Draisaitl Erik Karlsson Lane Hutson Last Minutes Defensive Center Left Wing Right Wing Defense Defense Alexander Wennberg Tomas Hertl Leon Draisaitl Dylan Samberg Devon Toews Goaltenders Starting : Andrei Vasilevskiy Backup : David Rittich Extra Forwards Normal : Leon Draisaitl, Sidney Crosby, Tomas Hertl - PP : Tage Thompson, Jamie Benn - PK : Keegan Kolesar Extra Defensemen Normal : Uvis Balinskis, Dylan Samberg, Lane Hutson - PP : Lane Hutson - PK : Erik Karlsson, Dylan Samberg Penalty Shots Sidney Crosby, Leon Draisaitl, Tage Thompson, Tomas Hertl, Bryan Rust Custom OT Lines Forwards Leon Draisaitl, Sidney Crosby, Tomas Hertl, Bryan Rust, Tage Thompson, Jamie Benn, Mats Zuccarello, Alexander Wennberg, Keegan Kolesar, Christian Dvorak Custom OT Lines Defensemen Lane Hutson, Devon Toews, Rasmus Andersson, Erik Karlsson, Dylan Samberg Scratches None
Play-by-Play1st period0:01 of 1st period - Wyatt Johnston wins face-off versus Leon Draisaitl in neutral zone. 0:01 of 1st period - Wyatt Johnston is hit by Tomas Hertl. 0:07 of 1st period - Minor Penalty to Tomas Hertl for Interference. 0:08 of 1st period - Christian Dvorak wins face-off versus Wyatt Johnston in COLORADO GLACIERCATS zone. 0:23 of 1st period - Shot by Charles McAvoy. 0:23 of 1st period - Stopped by Andrei Vasilevskiy without a rebound. 0:24 of 1st period - Aliaksei Protas wins face-off versus Christian Dvorak in COLORADO GLACIERCATS zone. 0:51 of 1st period - Shot by Maxim Tsyplakov. 0:51 of 1st period - Stopped by Andrei Vasilevskiy without a rebound. 0:52 of 1st period - Wyatt Johnston wins face-off versus Alexander Wennberg in COLORADO GLACIERCATS zone. 0:53 of 1st period - Shot by Dmitri Voronkov. 0:53 of 1st period - Deflect By Jake Neighbours. 0:53 of 1st period - Stopped by Andrei Vasilevskiy without a rebound. 0:54 of 1st period - Christian Dvorak wins face-off versus Wyatt Johnston in COLORADO GLACIERCATS zone. 0:54 of 1st period - Christian Dvorak is hit by Jake Neighbours. 1:18 of 1st period - Shot by Charles McAvoy. 1:18 of 1st period - Shot Misses the Net. 1:20 of 1st period - Shot by Dmitri Voronkov. 1:20 of 1st period - Shot Misses the Net. 1:22 of 1st period - Shot by Charles McAvoy. 1:22 of 1st period - Shot Blocked by Dylan Samberg. 1:24 of 1st period - Shot by Charles McAvoy. 1:24 of 1st period - Deflect By Wyatt Johnston. 1:24 of 1st period - Stopped by Andrei Vasilevskiy without a rebound. 1:25 of 1st period - Alexander Wennberg wins face-off versus Aliaksei Protas in COLORADO GLACIERCATS zone. 1:25 of 1st period - Alexander Wennberg is hit by Maxim Tsyplakov. 1:35 of 1st period - Jamie Benn is hit by Radek Faksa and loses puck. 1:46 of 1st period - Shot by Maxim Tsyplakov. 1:46 of 1st period - Stopped by Andrei Vasilevskiy without a rebound. 1:47 of 1st period - Alexander Wennberg wins face-off versus Wyatt Johnston in COLORADO GLACIERCATS zone. 1:47 of 1st period - Alexander Wennberg is hit by Jake Neighbours. 2:03 of 1st period - Shot by Dmitri Voronkov. 2:03 of 1st period - Shot Misses the Net. 3:27 of 1st period - Icing by Jake Neighbours. 3:28 of 1st period - Alexander Wennberg wins face-off versus Wyatt Johnston in SAN DIEGO THUNDER zone. 4:10 of 1st period - Shot by Jamie Benn. 4:10 of 1st period - Stopped by Petr Mrazek without a rebound. 4:11 of 1st period - Leon Draisaitl wins face-off versus Frank Nazar in SAN DIEGO THUNDER zone. 4:23 of 1st period - Off-side. 4:24 of 1st period - Sidney Crosby wins face-off versus Aliaksei Protas in neutral zone. 4:24 of 1st period - Lane Hutson is hit by Dmitri Voronkov and loses puck. 4:38 of 1st period - Sidney Crosby is hit by Maxim Tsyplakov and loses puck. 5:28 of 1st period - Leon Draisaitl is hit by Maxim Tsyplakov and loses puck. 5:47 of 1st period - Shot by Bryan Rust. 5:47 of 1st period - Deflect By Leon Draisaitl. 5:47 of 1st period - Shot Blocked by Wyatt Johnston. 5:49 of 1st period - Shot by Erik Karlsson. 5:49 of 1st period - Shot Misses the Net. 5:51 of 1st period - Shot by Tomas Hertl. 5:51 of 1st period - Stopped by Petr Mrazek without a rebound. 5:52 of 1st period - Alexander Wennberg wins face-off versus Frank Nazar in SAN DIEGO THUNDER zone. 5:55 of 1st period - Shot by Alexander Wennberg. 5:55 of 1st period - Stopped by Petr Mrazek with a rebound. 6:03 of 1st period - Shot by Frank Nazar. 6:03 of 1st period - Deflect By Eric Robinson. 6:03 of 1st period - Shot Misses the Net. 6:05 of 1st period - Shot by Jalen Chatfield. 6:05 of 1st period - Shot Misses the Net. 6:07 of 1st period - Shot by Frank Nazar. 6:07 of 1st period - Shot Misses the Net. 6:09 of 1st period - Shot by Jalen Chatfield. 6:09 of 1st period - Deflect By Frank Nazar. 6:09 of 1st period - Stopped by Andrei Vasilevskiy without a rebound. 6:10 of 1st period - Sidney Crosby wins face-off versus Wyatt Johnston in COLORADO GLACIERCATS zone. 6:10 of 1st period - Sidney Crosby is hit by Jake Neighbours. 6:28 of 1st period - Shot by Sidney Crosby. 6:28 of 1st period - Deflect By Christian Dvorak. 6:28 of 1st period - Shot Misses the Net. 6:36 of 1st period - Shot by Wyatt Johnston. 6:36 of 1st period - Shot Misses the Net. 6:38 of 1st period - Shot by Jake Neighbours. 6:38 of 1st period - Shot Blocked by Erik Karlsson. 6:40 of 1st period - Shot by Wyatt Johnston. 6:40 of 1st period - Shot Misses the Net. 6:42 of 1st period - Shot by Wyatt Johnston. 6:42 of 1st period - Stopped by Andrei Vasilevskiy without a rebound. 6:43 of 1st period - Leon Draisaitl wins face-off versus Frank Nazar in COLORADO GLACIERCATS zone. 7:04 of 1st period - Shot by Bryan Rust. 7:04 of 1st period - Shot Misses the Net. 7:28 of 1st period - Icing by Jalen Chatfield. 7:29 of 1st period - Frank Nazar wins face-off versus Mats Zuccarello in SAN DIEGO THUNDER zone. 8:07 of 1st period - Shot by Jake Neighbours. 8:07 of 1st period - Shot Blocked by Rasmus Andersson. 8:17 of 1st period - Shot by Radek Faksa. 8:17 of 1st period - Shot Misses the Net. 8:31 of 1st period - Shot by Aliaksei Protas. 8:31 of 1st period - Stopped by Andrei Vasilevskiy without a rebound. 8:32 of 1st period - Leon Draisaitl wins face-off versus Dmitri Voronkov in COLORADO GLACIERCATS zone. 9:19 of 1st period - Jamie Oleksiak is hit by Dmitri Voronkov and loses puck. 10:07 of 1st period - Alexander Wennberg is hit by Nicolas Hague and loses puck. 10:15 of 1st period - Devon Toews is hit by Jalen Chatfield and loses puck. 10:23 of 1st period - Icing by Jalen Chatfield. 10:24 of 1st period - Frank Nazar wins face-off versus Sidney Crosby in SAN DIEGO THUNDER zone. 10:24 of 1st period - Frank Nazar is hit by Tage Thompson. 10:47 of 1st period - Minor Penalty to Nicolas Hague for Slashing. 10:48 of 1st period - Sidney Crosby wins face-off versus Wyatt Johnston in SAN DIEGO THUNDER zone. 10:48 of 1st period - Sidney Crosby is hit by Charles McAvoy. 10:54 of 1st period - Shot by Bryan Rust. 10:54 of 1st period - Shot Misses the Net. 10:56 of 1st period - Shot by Bryan Rust. 10:56 of 1st period - Stopped by Petr Mrazek without a rebound. 10:57 of 1st period - Wyatt Johnston wins face-off versus Tomas Hertl in SAN DIEGO THUNDER zone. 12:04 of 1st period - Off-side. 12:05 of 1st period - Sidney Crosby wins face-off versus Dmitri Voronkov in neutral zone. 12:55 of 1st period - Shot by Keegan Kolesar. 12:55 of 1st period - Deflect By Jamie Benn. 12:55 of 1st period - Stopped by Petr Mrazek without a rebound. 12:56 of 1st period - Alexander Wennberg wins face-off versus Fedor Svechkov in SAN DIEGO THUNDER zone. 13:10 of 1st period - Icing by Charles McAvoy. 13:11 of 1st period - Sidney Crosby wins face-off versus Elmer Soderblom in SAN DIEGO THUNDER zone. 13:52 of 1st period - Shot by Tage Thompson. 13:52 of 1st period - Shot Blocked by Charles McAvoy. 13:54 of 1st period - Shot by Rasmus Andersson. 13:54 of 1st period - Shot Misses the Net. 13:56 of 1st period - Shot by Mats Zuccarello. 13:56 of 1st period - Shot Misses the Net. 14:03 of 1st period - Icing by Wyatt Johnston. 14:04 of 1st period - Fedor Svechkov wins face-off versus Leon Draisaitl in SAN DIEGO THUNDER zone. 14:44 of 1st period - Shot by Aliaksei Protas. 14:44 of 1st period - Deflect By Dmitri Voronkov. 14:44 of 1st period - Stopped by Andrei Vasilevskiy without a rebound. 14:45 of 1st period - Alexander Wennberg wins face-off versus Frank Nazar in COLORADO GLACIERCATS zone. 15:07 of 1st period - Shot by Alexander Wennberg. 15:07 of 1st period - Shot Misses the Net. 16:10 of 1st period - Shot by Mats Zuccarello. 16:10 of 1st period - Stopped by Petr Mrazek without a rebound. 16:11 of 1st period - Tomas Hertl wins face-off versus Wyatt Johnston in SAN DIEGO THUNDER zone. 16:30 of 1st period - Shot by Leon Draisaitl. 16:30 of 1st period - Shot Misses the Net. 16:38 of 1st period - Shot by Jake Neighbours. 16:38 of 1st period - Shot Misses the Net. 16:40 of 1st period - Shot by Wyatt Johnston. 16:40 of 1st period - Stopped by Andrei Vasilevskiy without a rebound. 16:41 of 1st period - Sidney Crosby wins face-off versus Frank Nazar in COLORADO GLACIERCATS zone. 17:02 of 1st period - Shot by Joel Farabee. 17:02 of 1st period - Shot Misses the Net. 17:04 of 1st period - Shot by Frank Nazar. 17:04 of 1st period - Shot Blocked by Erik Karlsson. 17:06 of 1st period - Shot by Joel Farabee. 17:06 of 1st period - Stopped by Andrei Vasilevskiy without a rebound. 17:07 of 1st period - Leon Draisaitl wins face-off versus Aliaksei Protas in COLORADO GLACIERCATS zone. 17:36 of 1st period - Shot by Aliaksei Protas. 17:36 of 1st period - Shot Misses the Net. 17:38 of 1st period - Shot by Aliaksei Protas. 17:38 of 1st period - Stopped by Andrei Vasilevskiy without a rebound. 17:39 of 1st period - Wyatt Johnston wins face-off versus Sidney Crosby in COLORADO GLACIERCATS zone. 18:23 of 1st period - Shot by Sidney Crosby. 18:23 of 1st period - Stopped by Petr Mrazek without a rebound. 18:24 of 1st period - Leon Draisaitl wins face-off versus Aliaksei Protas in SAN DIEGO THUNDER zone. 18:28 of 1st period - Bryan Rust is hit by Derek Forbort and loses puck. 18:31 of 1st period - Shot by Bryan Rust. 18:31 of 1st period - Stopped by Petr Mrazek with a rebound. 18:34 of 1st period - Bryan Rust is hit by Derek Forbort and loses puck. 18:53 of 1st period - Shot by Aliaksei Protas. 18:53 of 1st period - Shot Misses the Net. 18:58 of 1st period - Bryan Rust is hit by Maxim Tsyplakov and loses puck. 19:34 of 1st period - Off-side. 19:35 of 1st period - Wyatt Johnston wins face-off versus Sidney Crosby in neutral zone. 19:56 of 1st period - Shot by Jake Neighbours. 19:56 of 1st period - Shot Misses the Net. Goals for this period are 0 for SAN DIEGO THUNDER vs 0 for COLORADO GLACIERCATS. Shots for this period are 12 for SAN DIEGO THUNDER vs 8 for COLORADO GLACIERCATS. 2nd period0:01 of 2nd period - Leon Draisaitl wins face-off versus Wyatt Johnston in neutral zone. 0:24 of 2nd period - Shot by Bryan Rust. 0:24 of 2nd period - Goal by Bryan Rust - SAN DIEGO THUNDER : 0 - COLORADO GLACIERCATS : 1. 0:25 of 2nd period - Sidney Crosby wins face-off versus Aliaksei Protas in neutral zone. 0:40 of 2nd period - Shot by Aliaksei Protas. 0:40 of 2nd period - Stopped by Andrei Vasilevskiy without a rebound. 0:41 of 2nd period - Wyatt Johnston wins face-off versus Leon Draisaitl in COLORADO GLACIERCATS zone. 0:44 of 2nd period - Shot by Jake Neighbours. 0:44 of 2nd period - Stopped by Andrei Vasilevskiy with a rebound. 1:32 of 2nd period - Icing by Charles McAvoy. 1:33 of 2nd period - Wyatt Johnston wins face-off versus Sidney Crosby in SAN DIEGO THUNDER zone. 2:20 of 2nd period - Shot by Mats Zuccarello. 2:20 of 2nd period - Goal by Mats Zuccarello - SAN DIEGO THUNDER : 0 - COLORADO GLACIERCATS : 2. 2:21 of 2nd period - Jamie Benn wins face-off versus Frank Nazar in neutral zone. 2:49 of 2nd period - Shot by Frank Nazar. 2:49 of 2nd period - Shot Misses the Net. 2:51 of 2nd period - Shot by Eric Robinson. 2:51 of 2nd period - Stopped by Andrei Vasilevskiy without a rebound. 2:52 of 2nd period - Leon Draisaitl wins face-off versus Fedor Svechkov in COLORADO GLACIERCATS zone. 2:57 of 2nd period - Shot by Devon Toews. 2:57 of 2nd period - Shot Blocked by Erik Cernak. 3:57 of 2nd period - Shot by Maxim Tsyplakov. 3:57 of 2nd period - Goal by Maxim Tsyplakov - SAN DIEGO THUNDER : 1 - COLORADO GLACIERCATS : 2. 3:58 of 2nd period - Joel Farabee wins face-off versus Tage Thompson in neutral zone. 4:26 of 2nd period - Mats Zuccarello is hit by Nicolas Hague. 4:28 of 2nd period - Shot by Sidney Crosby. 4:28 of 2nd period - Shot Misses the Net. 4:40 of 2nd period - Shot by Tage Thompson. 4:40 of 2nd period - Stopped by Petr Mrazek without a rebound. 4:41 of 2nd period - Alexander Wennberg wins face-off versus Wyatt Johnston in SAN DIEGO THUNDER zone. 4:42 of 2nd period - Shot by Jamie Benn. 4:42 of 2nd period - Shot Misses the Net. 4:44 of 2nd period - Shot by Keegan Kolesar. 4:44 of 2nd period - Shot Misses the Net. 4:57 of 2nd period - Minor Penalty to Derek Forbort for Diving. 4:58 of 2nd period - Sidney Crosby wins face-off versus Wyatt Johnston in SAN DIEGO THUNDER zone. 4:58 of 2nd period - Sidney Crosby is hit by Charles McAvoy. 5:40 of 2nd period - Shot by Sidney Crosby. 5:40 of 2nd period - Shot Blocked by Nate Schmidt. 6:00 of 2nd period - Shot by Mats Zuccarello. 6:00 of 2nd period - Shot Misses the Net. 6:02 of 2nd period - Shot by Tomas Hertl. 6:02 of 2nd period - Deflect By Mats Zuccarello. 6:02 of 2nd period - Stopped by Petr Mrazek with a rebound. 6:08 of 2nd period - Shot by Lane Hutson. 6:08 of 2nd period - Shot Blocked by Erik Cernak. 6:10 of 2nd period - Shot by Lane Hutson. 6:10 of 2nd period - Shot Blocked by Charles McAvoy. 6:12 of 2nd period - Shot by Rasmus Andersson. 6:12 of 2nd period - Shot Misses the Net. 6:14 of 2nd period - Shot by Tomas Hertl. 6:14 of 2nd period - Stopped by Petr Mrazek without a rebound. 6:15 of 2nd period - Tomas Hertl wins face-off versus Aliaksei Protas in SAN DIEGO THUNDER zone. 7:26 of 2nd period - Shot by Alexander Wennberg. 7:26 of 2nd period - Stopped by Petr Mrazek without a rebound. 7:27 of 2nd period - Sidney Crosby wins face-off versus Wyatt Johnston in SAN DIEGO THUNDER zone. 9:19 of 2nd period - Shot by Keegan Kolesar. 9:19 of 2nd period - Stopped by Petr Mrazek without a rebound. 9:20 of 2nd period - Sidney Crosby wins face-off versus Frank Nazar in SAN DIEGO THUNDER zone. 9:51 of 2nd period - Shot by Sidney Crosby. 9:51 of 2nd period - Shot Misses the Net. 10:42 of 2nd period - Shot by Aliaksei Protas. 10:42 of 2nd period - Shot Misses the Net. 11:38 of 2nd period - Shot by Bryan Rust. 11:38 of 2nd period - Shot Misses the Net. 11:40 of 2nd period - Shot by Tomas Hertl. 11:40 of 2nd period - Goal by Tomas Hertl - SAN DIEGO THUNDER : 1 - COLORADO GLACIERCATS : 3. 11:41 of 2nd period - Frank Nazar wins face-off versus Mats Zuccarello in neutral zone. 12:08 of 2nd period - Icing by Jamie Oleksiak. 12:09 of 2nd period - Sidney Crosby wins face-off versus Aliaksei Protas in COLORADO GLACIERCATS zone. 12:27 of 2nd period - Off-side. 12:28 of 2nd period - Bryan Rust wins face-off versus Frank Nazar in neutral zone. 12:36 of 2nd period - Off-side. 12:37 of 2nd period - Tomas Hertl wins face-off versus Aliaksei Protas in neutral zone. 12:49 of 2nd period - Bryan Rust is hit by Erik Cernak and loses puck. 13:24 of 2nd period - Shot by Bryan Rust. 13:24 of 2nd period - Deflect By Leon Draisaitl. 13:24 of 2nd period - Stopped by Petr Mrazek with a rebound. 13:26 of 2nd period - Shot by Bryan Rust. 13:26 of 2nd period - Shot Misses the Net. 13:42 of 2nd period - Shot by Rasmus Andersson. 13:42 of 2nd period - Stopped by Petr Mrazek with a rebound. 14:29 of 2nd period - Charles McAvoy is hit by Keegan Kolesar and loses puck. 14:30 of 2nd period - Charles McAvoy from SAN DIEGO THUNDER is injured at 14:30 of 2nd period (Herniated Disc). 14:31 of 2nd period - Alexander Wennberg wins face-off versus Wyatt Johnston in neutral zone. 14:44 of 2nd period - Shot by Jamie Benn. 14:44 of 2nd period - Shot Misses the Net. 14:46 of 2nd period - Shot by Dylan Samberg. 14:46 of 2nd period - Goal by Dylan Samberg - SAN DIEGO THUNDER : 1 - COLORADO GLACIERCATS : 4. 14:46 of 2nd period - Arvid Soderblom enters game. 14:47 of 2nd period - Frank Nazar wins face-off versus Tomas Hertl in neutral zone. 14:52 of 2nd period - Shot by Joel Farabee. 14:52 of 2nd period - Stopped by Andrei Vasilevskiy without a rebound. 14:53 of 2nd period - Leon Draisaitl wins face-off versus Wyatt Johnston in COLORADO GLACIERCATS zone. 15:30 of 2nd period - Bryan Rust is hit by Nate Schmidt. 16:21 of 2nd period - Shot by Sidney Crosby. 16:21 of 2nd period - Shot Blocked by Derek Forbort. 17:06 of 2nd period - Jamie Benn is hit by Nicolas Hague and loses puck. 17:09 of 2nd period - Shot by Alexander Wennberg. 17:09 of 2nd period - Deflect By Jamie Benn. 17:09 of 2nd period - Shot Misses the Net. 17:20 of 2nd period - Alexander Wennberg is hit by Jalen Chatfield and loses puck. 17:29 of 2nd period - Shot by Jamie Oleksiak. 17:29 of 2nd period - Stopped by Arvid Soderblom without a rebound. 17:30 of 2nd period - Leon Draisaitl wins face-off versus Aliaksei Protas in SAN DIEGO THUNDER zone. 17:31 of 2nd period - Shot by Tomas Hertl. 17:31 of 2nd period - Stopped by Arvid Soderblom without a rebound. 17:32 of 2nd period - Aliaksei Protas wins face-off versus Tomas Hertl in SAN DIEGO THUNDER zone. 17:41 of 2nd period - Shot by Bryan Rust. 17:41 of 2nd period - Stopped by Arvid Soderblom without a rebound. 17:42 of 2nd period - Leon Draisaitl wins face-off versus Aliaksei Protas in SAN DIEGO THUNDER zone. 18:44 of 2nd period - Off-side. 18:45 of 2nd period - Sidney Crosby wins face-off versus Wyatt Johnston in neutral zone. 19:20 of 2nd period - Shot by Wyatt Johnston. 19:20 of 2nd period - Deflect By Fedor Svechkov. 19:20 of 2nd period - Stopped by Andrei Vasilevskiy without a rebound. 19:21 of 2nd period - Frank Nazar wins face-off versus Alexander Wennberg in COLORADO GLACIERCATS zone. Goals for this period are 1 for SAN DIEGO THUNDER vs 4 for COLORADO GLACIERCATS. Shots for this period are 6 for SAN DIEGO THUNDER vs 14 for COLORADO GLACIERCATS. 3rd period0:01 of 3rd period - Wyatt Johnston wins face-off versus Leon Draisaitl in neutral zone. 0:24 of 3rd period - Shot by Jake Neighbours. 0:24 of 3rd period - Stopped by Andrei Vasilevskiy without a rebound. 0:25 of 3rd period - Sidney Crosby wins face-off versus Aliaksei Protas in COLORADO GLACIERCATS zone. 0:29 of 3rd period - Off-side. 0:30 of 3rd period - Aliaksei Protas wins face-off versus Sidney Crosby in neutral zone. 1:22 of 3rd period - Icing by Aliaksei Protas. 1:23 of 3rd period - Leon Draisaitl wins face-off versus Aliaksei Protas in SAN DIEGO THUNDER zone. 1:45 of 3rd period - Icing by Jamie Oleksiak. 1:46 of 3rd period - Leon Draisaitl wins face-off versus Wyatt Johnston in COLORADO GLACIERCATS zone. 2:08 of 3rd period - Jake Neighbours is hit by Bryan Rust and loses puck. 3:14 of 3rd period - Shot by Sidney Crosby. 3:14 of 3rd period - Stopped by Arvid Soderblom with a rebound. 3:23 of 3rd period - Off-side. 3:24 of 3rd period - Alexander Wennberg wins face-off versus Dmitri Voronkov in neutral zone. 4:05 of 3rd period - Shot by Alexander Wennberg. 4:05 of 3rd period - Shot Blocked by Nate Schmidt. 4:12 of 3rd period - Icing by Derek Forbort. 4:13 of 3rd period - Leon Draisaitl wins face-off versus Dmitri Voronkov in SAN DIEGO THUNDER zone. 4:20 of 3rd period - Shot by Tomas Hertl. 4:20 of 3rd period - Shot Misses the Net. 4:22 of 3rd period - Shot by Bryan Rust. 4:22 of 3rd period - Deflect By Leon Draisaitl. 4:22 of 3rd period - Shot Blocked by Derek Forbort. 4:24 of 3rd period - Shot by Leon Draisaitl. 4:24 of 3rd period - Goal by Leon Draisaitl - SAN DIEGO THUNDER : 1 - COLORADO GLACIERCATS : 5. 4:25 of 3rd period - Fedor Svechkov wins face-off versus Sidney Crosby in neutral zone. 5:06 of 3rd period - Shot by Tage Thompson. 5:06 of 3rd period - Shot Misses the Net. 5:08 of 3rd period - Shot by Sidney Crosby. 5:08 of 3rd period - Goal by Sidney Crosby - SAN DIEGO THUNDER : 1 - COLORADO GLACIERCATS : 6. 5:09 of 3rd period - Frank Nazar wins face-off versus Bryan Rust in neutral zone. 5:22 of 3rd period - Shot by Leon Draisaitl. 5:22 of 3rd period - Stopped by Arvid Soderblom without a rebound. 5:23 of 3rd period - Aliaksei Protas wins face-off versus Alexander Wennberg in SAN DIEGO THUNDER zone. 5:28 of 3rd period - Shot by Maxim Tsyplakov. 5:28 of 3rd period - Shot Misses the Net. 5:30 of 3rd period - Shot by Nicolas Hague. 5:30 of 3rd period - Stopped by Andrei Vasilevskiy without a rebound. 5:31 of 3rd period - Leon Draisaitl wins face-off versus Wyatt Johnston in COLORADO GLACIERCATS zone. 5:33 of 3rd period - Tomas Hertl is hit by Jake Neighbours and loses puck. 5:48 of 3rd period - Shot by Leon Draisaitl. 5:48 of 3rd period - Stopped by Arvid Soderblom with a rebound. 5:50 of 3rd period - Shot by Lane Hutson. 5:50 of 3rd period - Shot Misses the Net. 5:52 of 3rd period - Shot by Leon Draisaitl. 5:52 of 3rd period - Stopped by Arvid Soderblom with a rebound. 5:54 of 3rd period - Shot by Devon Toews. 5:54 of 3rd period - Shot Blocked by Jalen Chatfield. 5:56 of 3rd period - Shot by Tomas Hertl. 5:56 of 3rd period - Stopped by Arvid Soderblom without a rebound. 5:57 of 3rd period - Sidney Crosby wins face-off versus Aliaksei Protas in SAN DIEGO THUNDER zone. 6:02 of 3rd period - Shot by Sidney Crosby. 6:02 of 3rd period - Stopped by Arvid Soderblom without a rebound. 6:03 of 3rd period - Sidney Crosby wins face-off versus Aliaksei Protas in SAN DIEGO THUNDER zone. 6:21 of 3rd period - Minor Penalty to Derek Forbort for Interference. 6:22 of 3rd period - Tomas Hertl wins face-off versus Wyatt Johnston in SAN DIEGO THUNDER zone. 6:27 of 3rd period - Shot by Erik Karlsson. 6:27 of 3rd period - Stopped by Arvid Soderblom without a rebound. 6:28 of 3rd period - Wyatt Johnston wins face-off versus Sidney Crosby in SAN DIEGO THUNDER zone. 7:02 of 3rd period - Shot by Sidney Crosby. 7:02 of 3rd period - Stopped by Arvid Soderblom without a rebound. 7:03 of 3rd period - Tomas Hertl wins face-off versus Wyatt Johnston in SAN DIEGO THUNDER zone. 7:10 of 3rd period - Shot by Tomas Hertl. 7:10 of 3rd period - Shot Blocked by Nate Schmidt. 7:12 of 3rd period - Shot by Devon Toews. 7:12 of 3rd period - Stopped by Arvid Soderblom with a rebound. 7:14 of 3rd period - Shot by Tomas Hertl. 7:14 of 3rd period - Shot Misses the Net. 7:16 of 3rd period - Shot by Mats Zuccarello. 7:16 of 3rd period - Stopped by Arvid Soderblom without a rebound. 7:17 of 3rd period - Wyatt Johnston wins face-off versus Tomas Hertl in SAN DIEGO THUNDER zone. 7:40 of 3rd period - Shot by Devon Toews. 7:40 of 3rd period - Shot Blocked by Dmitri Voronkov. 7:42 of 3rd period - Shot by Tage Thompson. 7:42 of 3rd period - Shot Blocked by Wyatt Johnston. 7:50 of 3rd period - Shot by Tomas Hertl. 7:50 of 3rd period - Deflect By Mats Zuccarello. 7:50 of 3rd period - Shot Blocked by Nicolas Hague. 7:52 of 3rd period - Shot by Devon Toews. 7:52 of 3rd period - Deflect By Tage Thompson. 7:52 of 3rd period - Shot Misses the Net. 8:20 of 3rd period - Shot by Bryan Rust. 8:20 of 3rd period - Stopped by Arvid Soderblom without a rebound. 8:21 of 3rd period - Alexander Wennberg wins face-off versus Frank Nazar in SAN DIEGO THUNDER zone. 8:39 of 3rd period - Shot by Eric Robinson. 8:39 of 3rd period - Goal by Eric Robinson - SAN DIEGO THUNDER : 2 - COLORADO GLACIERCATS : 6. 8:40 of 3rd period - Christian Dvorak wins face-off versus Wyatt Johnston in neutral zone. 8:46 of 3rd period - Sidney Crosby is hit by Adam Boqvist and loses puck. 9:04 of 3rd period - Shot by Devon Toews. 9:04 of 3rd period - Stopped by Arvid Soderblom without a rebound. 9:05 of 3rd period - Frank Nazar wins face-off versus Leon Draisaitl in SAN DIEGO THUNDER zone. 9:20 of 3rd period - Shot by Derek Forbort. 9:20 of 3rd period - Shot Blocked by Rasmus Andersson. 9:51 of 3rd period - Leon Draisaitl is hit by Derek Forbort and loses puck. 10:03 of 3rd period - Icing by Frank Nazar. 10:04 of 3rd period - Sidney Crosby wins face-off versus Frank Nazar in SAN DIEGO THUNDER zone. 10:07 of 3rd period - Shot by Sidney Crosby. 10:07 of 3rd period - Stopped by Arvid Soderblom without a rebound. 10:08 of 3rd period - Wyatt Johnston wins face-off versus Mats Zuccarello in SAN DIEGO THUNDER zone. 10:48 of 3rd period - Off-side. 10:49 of 3rd period - Leon Draisaitl wins face-off versus Aliaksei Protas in neutral zone. 11:00 of 3rd period - Icing by Tomas Hertl. 11:01 of 3rd period - Leon Draisaitl wins face-off versus Dmitri Voronkov in COLORADO GLACIERCATS zone. 11:01 of 3rd period - Leon Draisaitl is hit by Maxim Tsyplakov. 11:08 of 3rd period - Icing by Tomas Hertl. 11:09 of 3rd period - Leon Draisaitl wins face-off versus Wyatt Johnston in COLORADO GLACIERCATS zone. 11:22 of 3rd period - Shot by Tomas Hertl. 11:22 of 3rd period - Stopped by Arvid Soderblom without a rebound. 11:23 of 3rd period - Sidney Crosby wins face-off versus Aliaksei Protas in SAN DIEGO THUNDER zone. 12:21 of 3rd period - Off-side. 12:22 of 3rd period - Leon Draisaitl wins face-off versus Jake Neighbours in neutral zone. 12:44 of 3rd period - Tomas Hertl is hit by Jake Neighbours and loses puck. 12:53 of 3rd period - Shot by Wyatt Johnston. 12:53 of 3rd period - Stopped by Andrei Vasilevskiy with a rebound. 12:55 of 3rd period - Shot by Jake Neighbours. 12:55 of 3rd period - Stopped by Andrei Vasilevskiy without a rebound. 12:56 of 3rd period - Frank Nazar wins face-off versus Alexander Wennberg in COLORADO GLACIERCATS zone. 13:03 of 3rd period - Shot by Joel Farabee. 13:03 of 3rd period - Shot Blocked by Jamie Oleksiak. 13:05 of 3rd period - Shot by Frank Nazar. 13:05 of 3rd period - Stopped by Andrei Vasilevskiy without a rebound. 13:06 of 3rd period - Christian Dvorak wins face-off versus Frank Nazar in COLORADO GLACIERCATS zone. 13:20 of 3rd period - Shot by Dylan Samberg. 13:20 of 3rd period - Stopped by Arvid Soderblom without a rebound. 13:21 of 3rd period - Wyatt Johnston wins face-off versus Leon Draisaitl in SAN DIEGO THUNDER zone. 15:02 of 3rd period - Shot by Tage Thompson. 15:02 of 3rd period - Shot Misses the Net. 15:05 of 3rd period - Icing by Derek Forbort. 15:06 of 3rd period - Aliaksei Protas wins face-off versus Alexander Wennberg in SAN DIEGO THUNDER zone. 15:23 of 3rd period - Shot by Alexander Wennberg. 15:23 of 3rd period - Stopped by Arvid Soderblom without a rebound. 15:24 of 3rd period - Wyatt Johnston wins face-off versus Corey Perry in SAN DIEGO THUNDER zone. 15:41 of 3rd period - Shot by Christian Dvorak. 15:41 of 3rd period - Shot Misses the Net. 15:43 of 3rd period - Shot by Christian Dvorak. 15:43 of 3rd period - Shot Misses the Net. 16:34 of 3rd period - Tomas Hertl is hit by Nicolas Hague. 18:26 of 3rd period - Shot by Wyatt Johnston. 18:26 of 3rd period - Shot Misses the Net. 18:34 of 3rd period - Shot by Wyatt Johnston. 18:34 of 3rd period - Shot Misses the Net. 18:36 of 3rd period - Shot by Wyatt Johnston. 18:36 of 3rd period - Stopped by Andrei Vasilevskiy without a rebound. 18:37 of 3rd period - Leon Draisaitl wins face-off versus Radek Faksa in COLORADO GLACIERCATS zone. 18:43 of 3rd period - Off-side. 18:44 of 3rd period - Leon Draisaitl wins face-off versus Wyatt Johnston in neutral zone. 18:53 of 3rd period - Bryan Rust is hit by Jake Neighbours and loses puck. 19:12 of 3rd period - Shot by Wyatt Johnston. 19:12 of 3rd period - Shot Misses the Net. 19:22 of 3rd period - Shot by Bryan Rust. 19:22 of 3rd period - Deflect By Tomas Hertl. 19:22 of 3rd period - Stopped by Arvid Soderblom without a rebound. 19:23 of 3rd period - Sidney Crosby wins face-off versus Aliaksei Protas in SAN DIEGO THUNDER zone. 19:31 of 3rd period - Aliaksei Protas is hit by Devon Toews and loses puck. Goals for this period are 1 for SAN DIEGO THUNDER vs 2 for COLORADO GLACIERCATS. Shots for this period are 7 for SAN DIEGO THUNDER vs 19 for COLORADO GLACIERCATS. Back to the Top |
![]() |
![]() |
![]() |
MACKLIN CELEBRINI |
NATHAN MACKINNON |
TAYLOR HALL |